 Dungeon Crawl Stone Soup version 0.17-a0-1442-g10bb59b (console) character file.

109 Fusha the Chopper (level 5, 0/38 HPs)
             Began as a Human Wanderer on June 27, 2015.
             Slain by an orc
             ... wielding a +0 trident
              (4 damage)
             ... on level 3 of the Dungeon.
             The game lasted 00:05:49 (3098 turns).

Fusha the Chopper (Human Wanderer)                  Turns: 3098, Time: 00:05:49

Health: 0/38       AC:  5    Str: 15    XL:     5   Next: 13%
Magic:  6/6        EV: 10    Int: 11    God:
Gold:   104        SH:  0    Dex: 12    Spells: 0 memorised, 6 levels left

rFire  . . .     SeeInvis .     a - +2 hand axe
rCold  . . .     Clarity  .     n - +0 ring mail (curse)
rNeg   . . .     SustAt   .     (no shield)
rPois  .         Gourm    .     (no helmet)
rElec  .         Spirit   .     (no cloak)
rCorr  .         Warding  .     (no gloves)
rMut   .         Stasis   .     (no boots)
MR     .....                    m - amulet of faith
Stlth  +.........               (no ring)
                                (no ring)

@: not resistant to hostile enchantments, very unstealthy
A: no striking features
a: no special abilities


You were on level 3 of the Dungeon.
You were not hungry.

You visited 1 branch of the dungeon, and saw 3 of its levels.

You collected 104 gold pieces.

Inventory:

Hand weapons
 a - a +2 hand axe (weapon)
 l - a +0 war axe
Armour
 d - a +0 robe
 n - a cursed +0 ring mail (worn)
Jewellery
 m - an amulet of faith (around neck)
Magical devices
 c - a wand of random effects (15)
Scrolls
 b - 2 scrolls of teleportation
 e - a scroll of enchant armour {unknown}
 h - a scroll of noise {unknown}
 j - 4 scrolls of identify {unknown}
 o - a scroll of magic mapping {unknown}
Potions
 f - a potion of lignification {unknown}
 g - a potion of cancellation {unknown}
 i - a potion of curing {unknown}
 k - a potion of flight {unknown}


   Skills:
 - Level 2.0 Fighting
 * Level 4.4 Axes
 - Level 1.0 Throwing
 + Level 2.2 Armour
 - Level 1.0 Spellcasting
   Level 1.0 Charms
   Level 1.0 Poison Magic
 - Level 1.0 Evocations


You had 6 spell levels left.
You didn't know any spells.

Dungeon Overview and Level Annotations

Branches:
Dungeon (3/15)

Altars:
Okawaru
Trog


Message History

The orc hits you but does no damage.
You hit the orc.
You kill the orc!
You hit the orc.
The orc is moderately wounded.
The orc hits you with a trident!
* * * LOW HITPOINT WARNING * * *
Things that are here:
a flail; 3 tomahawks; a scale mail You hit the orc.
The orc is severely wounded.
The orc hits you but does no damage.
You hit the orc.
The orc is almost dead.
The orc hits you with a trident.
* * * LOW HITPOINT WARNING * * *
You barely miss the orc.
The orc is almost dead.
The orc hits you with a trident.
You die...

#.#.##.#.# ..#.#
#.# #.#.##.#.# #
#.# #.#.##.#.#
#.# #.#.##.#.#
.######.###
#)#.##.#.#
...........
#[#.##.#.#
.######.###
#.#.##.#.# # #.#
#.#.##.#)#.#.#
#.#
#.#.##..@o...#
#.#
####.#.##(#######
#.### #....#....#
#....
####.#....####
#####
#.#.........
#...........
############


You could see an orc.

Vanquished Creatures
  Jessica (D:2)
  2 adders
  6 orcs (D:3)
  3 giant cockroaches
  9 hobgoblins
  4 kobolds (D:1)
  A quokka (D:3)
  A ball python (D:1)
  10 bats
  A giant gecko (D:1)
  2 giant newts
  10 goblins
  9 rats
59 creatures vanquished.

Notes
Turn   | Place    | Note
--------------------------------------------------------------
     0 | D:1      | Fusha the Human Wanderer began the quest for the Orb.
     0 | D:1      | Fusha set off with: a +2 hand axe, a scroll of teleportation, a wand of random effects (15), a +0 robe, a bread ration
     0 | D:1      | Reached XP level 1. HP: 16/16 MP: 2/2
   310 | D:1      | Reached XP level 2. HP: 19/22 MP: 3/3
  1105 | D:1      | Reached XP level 3. HP: 19/27 MP: 4/4
  1405 | D:2      | Reached skill level 3 in Axes
  1571 | D:2      | Noticed Jessica
  1579 | D:2      | Killed Jessica
  1579 | D:2      | Reached XP level 4. HP: 13/33 MP: 5/5
  1766 | D:2      | Found a bloodstained altar of Trog.
  1767 | D:2      | Found an iron altar of Okawaru.
  2352 | D:2      | Reached skill level 4 in Axes
  2955 | D:3      | Reached XP level 5. HP: 36/38 MP: 6/6
  3098 | D:3      | Slain by an orc

Vault maps used:
D:1:      roderic_chinese_lattice_arrival
D:2:      gammafunk_temple_overflow_pools, uniq_jessica
D:3:      makhleb_altar_promises_db

Action                   |  1- 3 |  4- 6 || total
-------------------------+-------+-------++-------
Melee: Hand axe          |    78 |    91 ||   169
 Stab: Sleeping          |     1 |     1 ||     2
  Eat: Beef jerky        |     1 |       ||     1
       Bread ration      |     1 |     1 ||     2
